 Dungeon Sprint DCSS version 0.19-a0-475-gfca3800 (webtiles) character file.

135 Loading the Demonic Disaster (level 4, 0/35 HPs)
             Began as a Demonspawn Gladiator on June 4, 2016.
             Was a Believer of Qazlal.
             Shot with a bolt by a yaktaur (19 damage)
             ... in the Dungeon (Sprint V: "Ziggurat Sprint").
             The game lasted 00:03:30 (345 turns).

Loading the Demonic Disaster (Demonspawn Gladiator)  Turns: 345, Time: 00:03:31

Health: 0/35       AC: 19    Str: 21    XL:     4   Next: 96%
Magic:  11/11      EV: -2    Int: 10    God:    Qazlal [**....]
Gold:   0          SH: 30    Dex: 20    Spells: 0 memorised, 3 levels left

rFire  + . .     SeeInvis .     K - +6 shillelagh "Devastator" {shatter}
rCold  + . .     Gourm    .     b - +5 gold dragon armour
rNeg   + . .     Faith    .     I - +18 shield of the Gong {rElec rN+ MR+ EV-5}
rPois  +         Spirit   .     c - +0 helmet
rElec  +         Dismiss  .     (no cloak)
rCorr  .         Reflect  .     (no gloves)
SustAt .         Harm     .     (no boots)
MR     +....     NoTele   +     (no amulet)
Stlth  ..........               C - +6 ring of strength
                                y - +6 ring of dexterity

@: somewhat resistant to hostile enchantments, extremely unstealthy
A: nightstalker 2, powered by death 1
a: Upheaval, Renounce Religion


You were in the Dungeon.
You worshipped Qazlal.
Qazlal was pleased with you.
You were not hungry.

You visited 1 branch

Inventory:

Hand Weapons
 J - the +7 great mace "Firestarter" {inner flame, rF++}
   (You found it in the Dungeon)

   It has been specially enchanted to burn those struck by it, causing extra
   injury to most foes and up to half again as much damage against particularly
   susceptible opponents.
   It greatly protects you from fire.
 K - the +6 shillelagh "Devastator" (weapon) {shatter}
   (You found it in the Dungeon)
Armour
 a - a +5 crystal plate armour
 b - a +5 gold dragon armour (worn)
 c - a +0 helmet (worn)
 I - the +18 shield of the Gong (worn) {rElec rN+ MR+ EV-5}
   (You found it in the Dungeon)

   It affects your evasion (-5).
   It insulates you from electricity.
   It protects you from negative energy.
   It affects your resistance to hostile enchantments.
Jewellery
 n - the ring "Zyuneth" {MP+9 Int+4 Dex+2}
   (You found it in the Dungeon)

   [ring of magical power]

   It affects your intelligence (+4).
   It affects your dexterity (+2).
   It affects your magic capacity (+9).
 y - a +6 ring of dexterity (left hand)
 z - a +6 ring of dexterity
 A - a +6 ring of intelligence
 B - a +6 ring of intelligence
 C - a +6 ring of strength (right hand)
 D - a +6 ring of strength
 L - a +5 ring of dexterity
 M - an uncursed ring of stealth
Wands
 E - a wand of disintegration (7/24)
 F - a wand of iceblast (5/15)
 G - a wand of lightning (5/15)
 H - a wand of acid (5/15)
Scrolls
 k - 4 scrolls of blinking
 q - 4 scrolls of amnesia
 r - 3 scrolls of recharging
 s - 7 scrolls of fog
 t - 5 scrolls of identify
 u - 5 scrolls of remove curse
 v - 2 scrolls of fear
Potions
 d - 2 potions of brilliance
 e - 10 potions of curing
 g - 10 potions of heal wounds
 h - 6 potions of haste
 i - 7 potions of magic
 j - 3 potions of berserk rage
 l - 2 potions of invisibility
 m - 4 potions of resistance
 o - 5 potions of agility
 p - 5 potions of might
Comestibles
 f - 5 bread rations
 w - 42 fruits
 x - 4 meat rations


   Skills:
 + Level 3.4 Fighting
 * Level 4.6 Maces & Flails
 - Level 1.7 Throwing
 + Level 2.2 Armour
 + Level 3.8 Dodging
 + Level 2.2 Shields
 * Level 10.9 Invocations


You had 3 spell levels left.
You didn't know any spells.

Dungeon Overview and Level Annotations

Branches:
Dungeon (1/1)

Altars:
Ashenzari
Cheibriados
Dithmenos
Elyvilon
Fedhas
Gozag
Hepliaklqana
Kikubaaqudgha
Makhleb
Nemelex Xobeh
Okawaru
Pakellas
Qazlal
Ru
Sif Muna
Trog
Uskayaw
Vehumet
Xom
Yredelemnul
Zin
The Shining One
Beogh
Jiyva
Lugonu


Innate Abilities, Weirdness & Mutations

You are significantly more attuned to the shadows.
You regenerate a little health from kills.


Message History

Magic restored.
You start resting.
HP restored.
Your surroundings seem different!
Welcome to arena 3. 2 centaurs and 2 yaktaurs come into view.
The centaur wields a shortbow.
The centaur shoots an arrow.
PANG!
You block the arrow.
The yaktaur wields an arbalest.
The yaktaur shoots a bolt.
The bolt hits you!
The centaur picks up a +4 rapier of draining.
The centaur wields a +4 rapier of draining.
You sense an unholy aura.
Found four items.
Things that are here:
a bolt; an arrow The yaktaur wields an arbalest.
The yaktaur shoots a bolt.
GONNNNG!
You block the bolt.
The yaktaur shoots a bolt.
The bolt hits you!!
Ouch! That really hurt!
You die...

▓▓▓▓▓▓▓▓▓▓▓▓▓
▓.8©8.▓.8©8.▓.8©8.▓
▓.=.c.▓.§[..▓.....▓
▓.cc..▓.....▓.)...▓
▓..c..▓..÷..▓.....▓
▓.....▓.....▓.....▓
▓..@..▓.....▓.....▓
▓..§..▓.....▓▓▓▓▓▓▓
▓▓▓▓▓▓▓▓▓▓▓▓▓


You could see 2 yaktaurs and 2 centaurs.

Vanquished Creatures
  A hell hound (D)
  A mummy (D)
  A shadow imp (D)
  An ufetubus (D)
  A bat zombie (D)
5 creatures vanquished.

Notes
Turn   | Place    | Note
--------------------------------------------------------------
     0 | D        | Loading the Demonspawn Gladiator began the quest for the Orb.
     0 | D        | Reached XP level 1. HP: 16/16 MP: 1/1
    13 | D        | Found a shimmering altar of Xom.
    14 | D        | Found a burning altar of Makhleb.
    14 | D        | Found an iron altar of Okawaru.
    14 | D        | Found a radiant altar of Vehumet.
    14 | D        | Found a deep blue altar of Sif Muna.
    14 | D        | Found a bloodstained altar of Trog.
    16 | D        | Found a sparkling altar of Nemelex Xobeh.
    18 | D        | Found a blossoming altar of Fedhas.
    18 | D        | Found a viscous altar of Jiyva.
    18 | D        | Found a snail-covered altar of Cheibriados.
    18 | D        | Found a roughly hewn altar of Beogh.
    18 | D        | Found a corrupted altar of Lugonu.
    18 | D        | Found a white marble altar of Elyvilon.
    54 | D        | Became a worshipper of Qazlal Stormbringer
    57 | D        | Reached skill level 9 in Invocations
    57 | D        | Gained mutation: You are slightly more attuned to the shadows. [demonic ancestry]
    57 | D        | Reached XP level 2. HP: 22/22 MP: 1/7
    82 | D        | Entered arena 1.
    90 | D        | Got the ring "Zyuneth" {MP+9 Int+4 Dex+2}
    93 | D        | Entered arena 2.
    93 | D        | Noticed a hell hound
    97 | D        | Reached * piety under Qazlal
   100 | D        | Gained mutation: You regenerate a little health from kills. [demonic ancestry]
   100 | D        | Reached XP level 3. HP: 10/28 MP: 6/9
   105 | D        | Killed a hell hound
   105 | D        | Reached ** piety under Qazlal
   105 | D        | Reached skill level 10 in Invocations
   105 | D        | Gained mutation: You are significantly more attuned to the shadows. [demonic ancestry]
   105 | D        | Reached XP level 4. HP: 8/35 MP: 8/11
   344 | D        | Entered arena 3.
   344 | D        | Noticed a centaur
   344 | D        | Noticed a centaur
   344 | D        | Noticed a yaktaur
   344 | D        | Noticed a yaktaur
   345 | D        | Shot with a bolt by a yaktaur

Vault maps used:
D:        sprint_v

Skill      XL: |  1  2  3 |
---------------+----------+-----
Invocations    | 9 10 | 10.9
Maces & Flails | 3 4 |  4.6
Dodging        | 3 |  3.8
Fighting       | 3 |  3.4
Armour         | 2 |  2.2
Shields        | 2 |  2.2
Throwing       | |  1.7

Action                   |  1- 3 |  4- 6 || total
-------------------------+-------+-------++-------
Melee: Shillelagh        |    13 |       ||    13
  Use: Potion            |     1 |       ||     1
Armor: Gold dragon armou |    11 |       ||    11
Block: Shield            |    22 |     2 ||    24
